 Dungeon Crawl Stone Soup version 0.29-a0-998-g1987434951 (webtiles) character file.

Game seed: 15419045943739770925

64 siradein the Shooter (level 3, -1/30 HPs)
             Began as a Minotaur Hunter on Aug 6, 2022.
             Slain by a gnoll
             ... wielding a +0 halberd
              (11 damage)
             ... on level 2 of the Dungeon.
             The game lasted 00:01:30 (1028 turns).

siradein the Shooter (Minotaur Hunter)              Turns: 1028, Time: 00:01:31

Health: -1/30      AC:  4    Str: 15    XL:     3   Next: 91%
Magic:  2/2        EV:  6    Int:  6    God:
Gold:   82         SH:  0    Dex: 15    Spells: 2/2 levels left

rFire   . . .      SeeInvis .   a - +0 shortbow
rCold   . . .      Faith    .   (shield currently unavailable)
rNeg    . . .      Spirit   .   c - +0 leather armour
rPois   .          Reflect  .   (helmet restricted)
rElec   .          Harm     .   e - +0 cloak
rCorr   .          Rampage  .   (no gloves)
Will    .....                   (no boots)
Stlth   +.........              (no amulet)
HPRegen 0.10/turn               (no ring)
MPRegen 0.08/turn               (no ring)

@: held
A: horns 2, retaliatory headbutt
a: no special abilities


You were on level 2 of the Dungeon.
You visited 1 branch of the dungeon, and saw 2 of its levels.

You collected 82 gold pieces.

Inventory:

Hand Weapons
 a - a +0 shortbow (weapon)
Armour
 c - a +0 leather armour (worn)
 e - a +0 cloak (worn)
Jewellery
 l - an amulet of magic regeneration
Scrolls
 b - a scroll of immolation
 f - 4 scrolls of teleportation {unknown}
 g - 2 scrolls of identify {unknown}
 h - a scroll of amnesia {unknown}
 i - a scroll of noise {unknown}
Potions
 d - 2 potions of degeneration {unknown}
 j - a potion of brilliance {unknown}
 k - a potion of haste {unknown}


   Skills:
 - Level 2.4 Fighting
 + Level 6.1 Ranged Weapons
 - Level 2.1 Dodging
 - Level 0.7 Stealth


You had 2 spell levels left.
You didn't know any spells.
Your spell library was empty.

Dungeon Overview and Level Annotations

Branches:
Dungeon (2/15)

Altars:

Shops:
D:2 [


Innate Abilities, Weirdness & Mutations

You have a pair of horns on your head.
You reflexively headbutt those who attack you in melee.


Message History

You furiously retaliate!
You headbutt the gnoll. You shoot an arrow. The arrow hits the gnoll.
You kill the gnoll!
The gnoll closely misses you.
A quokka comes into view.
You shoot an arrow. The arrow hits the gnoll.
The gnoll is moderately wounded.
The gnoll misses you. The gnoll closely misses you.
You shoot an arrow. The arrow barely misses the gnoll.
You hear a shout!
The gnoll hits you from afar with a +0 spear.
You shoot an arrow. The arrow hits the gnoll!
You kill the gnoll!
Your Ranged Weapons skill increases to level 6!
You shoot an arrow. The arrow hits the gnoll.
The gnoll is lightly wounded.
The gnoll barely misses you.
You shoot an arrow.
The arrow hits the gnoll but does no damage.
The gnoll is lightly wounded.
A gnoll comes into view. It is wielding a +0 halberd.
The gnoll barely misses you.
The quokka bites you but does no damage.
The gnoll hits you with a +0 halberd.
Fire: a) +0 shortbow
Press: ? - help, Q - select action Shift-Dir - straight line, p - gnoll You shoot an arrow.
The arrow barely misses the quokka.
The quokka barely misses you. You furiously retaliate!
You headbutt the quokka!
You kill the quokka!
The gnoll barely misses you. You furiously retaliate!
You headbutt the gnoll!
The gnoll throws a throwing net.
The throwing net hits you.
You become entangled in the net!
The gnoll hits you with a +0 halberd!
* * * LOW HITPOINT WARNING * * *
Things that are here:
a throwing net; a quokka corpse You struggle against the net.
The gnoll barely misses you. You furiously retaliate!
You headbutt the gnoll.
You struggle against the net.
The gnoll hits you from afar with a +0 halberd!
You die...

......................##...##..
#..............#....####>......
#.......#.#.#..#.<.........#...
#....<..#.#....................
.##......##.#..#.##..............
.......#.##.#..#)##..###.#.......
.##....#.......#g##..###.#.....#.
..........#.#.>#.##..............
..........#....g@##.........#....
....#.......).....#.........#....
....#......##............<.......
.........#.#..>..........##......
.....................######......
..............#...#..# #......
.###.....#.#..#...#..# #.....#
#....##...........######......
#....# ##..#...#..............


You could see 2 gnolls.

Vanquished Creatures
  2 adders (D:2)
  2 gnolls (D:2)
  A worm (D:2)
  A dart slug (D:2)
  A ball python (D:2)
  2 bats (D:2)
  A giant cockroach (D:1)
  3 goblins
  3 hobgoblins (D:2)
  A kobold (D:1)
  2 quokkas (D:2)
  3 rats
22 creatures vanquished.

Notes
Turn   | Place    | Note
-------+----------+-------------------------------------------
     0 | D:1      | siradein the Minotaur Hunter began the quest for the Orb.
     0 | D:1      | Reached XP level 1. HP: 18/18 MP: 0/0
    36 | D:1      | Found a faded altar of an unknown god.
   709 | D:2      | Reached XP level 2. HP: 25/25 MP: 1/1
   728 | D:2      | Reached skill level 5 in Ranged Weapons
   837 | D:2      | Found Ceojewas's Antique Armour Shop.
   887 | D:2      | Reached XP level 3. HP: 30/30 MP: 2/2
  1023 | D:2      | Reached skill level 6 in Ranged Weapons
  1028 | D:2      | Slain by a gnoll

Illustrated notes

Levels and vault maps discovered:
D:1:      lordsloth_arrival_two_stooges, layout_loops_ring,
          ebering_ecumenical_altar_hall
D:2:      layout_basic, serial_shops, shop, basic_altar

Skill      XL: |  1  2  3 |
---------------+----------+-----
Ranged Weapons | 5 6 |  6.1
Fighting       | |  2.4
Dodging        | |  2.1
Stealth        | |  0.7

Action                   || total
-------------------------++-------
 Fire: Shortbow          ||    90
Armor: Leather armour    ||     9
Dodge: Dodged            ||    27

Table legend: (Time is in decaauts)
 A = Elapsed time spent in this place.
 B = Non-inter-level travel time spent in this place.
 C = Inter-level travel time spent in this place.
 D = Time resting spent in this place.
 E = Time spent auto-exploring this place.
 F = Levels seen in this place.
 G = Mean time per level.
                   A        B        C        D        E       F      G
               +--------+--------+--------+--------+--------+-----+--------+
         Total |   1052 |   1041 |     11 |      0 |    828 |   2 |  526.0 |
       Dungeon |   1052 |   1041 |     11 |      0 |    828 |   2 |  526.0 |
               +--------+--------+--------+--------+--------+-----+--------+

Top non-repeatable levels by time:
     D:1: 710 daAuts
     D:2: 342 daAuts
